Map: Ephemeron LE

Players

FLORENCIO - Winner!

  • Race: Terran Terran
  • League: Diamond
  • Spawn Location: 11:00

MULTISSUE

  • Race: Protoss Protoss
  • League: Diamond
  • Spawn Location: 5:00

VOD

Have the link to the VOD?

Description

Time

  • Played on: Sept. 20, 2019, 11:49 a.m.
  • Length: 26:57
Show
View Real Time Build Order
Export as new Build Order

FLORENCIO Terran - Winner!

Build Orders:  

Get SALT Encoding   

  12  0:03  SCV  
  13  0:15  SCV  
  14  0:23  Supply Depot  
  14  0:27  SCV  
  15  0:29  Refinery  
  15  0:41  Refinery  
  15  0:45  SCV  
  16  0:52  Barracks  
  16  0:59  SCV  
  17  1:11  SCV  
  18  1:22  Supply Depot  
  18  1:29  SCV  
  19  1:41  SCV  
  19  1:42  Supply Depot  
  20  1:53  SCV  
  21  1:55  Bunker  
  21  1:58  Factory  
  21  2:00  Marine  
  22  2:37  Command Center  
  22  2:44  Orbital Command  
  22  2:59  Starport  
  22  3:09  SCV  
  23  3:22  Widow Mine, SCV  
  27  3:40  Fusion Core  
  26  3:41  Starport Tech Lab  
  26  3:45  Engineering Bay  
  26  3:51  SCV  
  27  4:00  Marine  
  28  4:03  SCV  
  29  4:14  Neosteel Armor  
  29  4:23  Armory  
  29  4:28  SCV  
  30  4:32  Battlecruiser  
  30  4:37  Supply Depot  
  36  4:40  SCV  
  37  4:46  Missile Turret  
  37  4:51  Factory Tech Lab  
  37  4:57  SCV  
  38  5:00  Supply Depot  
  38  5:09  SCV  
  40  5:32  Missile Turret  
  39  5:37  Missile Turret  
  39  5:40  Battlecruiser  
  39  5:41  Widow Mine  
  39  6:14  Planetary Fortress  
  41  6:18  Widow Mine  
  41  6:27  Missile Turret  
  40  6:39  Drilling Claws  
  40  6:47  Command Center  
  40  6:48  Command Center  
  40  6:55  SCV  
  40  7:00  Widow Mine  
  43  7:07  Factory, SCV  
  42  7:19  SCV  
  42  7:21  Widow Mine  
  45  7:31  SCV  
  46  7:42  Widow Mine  
  46  7:43  SCV  
  49  8:04  Widow Mine  
  51  8:25  Battlecruiser  
  51  8:31  Factory Reactor  
  51  8:33  Widow Mine  
  53  8:35  Factory  
  53  8:49  SCV  
  53  8:51  Refinery  
  53  8:53  Refinery  
  54  9:01  SCV  
  55  9:09  Widow Mine x3  
  61  9:13  SCV  
  62  9:25  SCV  
  62  9:26  Widow Mine  
  62  9:30  Widow Mine x3  
  68  9:48  Widow Mine  
  60  10:09  Widow Mine  
  62  10:14  Planetary Fortress  
  62  10:18  Missile Turret, SCV  
  63  10:21  Command Center  
  63  10:30  SCV  
  64  10:35  Factory Reactor  
  64  10:38  Widow Mine  
  64  10:39  Widow Mine x2  
  64  10:42  SCV  
  71  11:00  Widow Mine  
  61  11:20  Widow Mine x4  
  61  11:21  Widow Mine  
  61  11:25  Missile Turret  
  71  11:32  Planetary Fortress  
  71  11:41  Widow Mine x2  
  75  11:53  SCV  
  76  12:01  Missile Turret  
  76  12:05  SCV x2  
  78  12:10  Refinery  
  78  12:12  Refinery  
  78  12:17  SCV x2  
  80  12:27  Factory  
  80  12:31  Thor  
  80  12:33  Factory  
  86  12:39  SCV  
  87  12:51  SCV  
  88  12:56  SCV  
  88  12:58  Planetary Fortress  
  89  13:03  SCV  
  90  13:06  Missile Turret  
  90  13:08  SCV  
  90  13:09  Widow Mine x4  
  90  13:12  Widow Mine  
  101  13:15  Widow Mine  
  101  13:17  SCV  
  104  13:21  SCV  
  105  13:29  SCV  
  105  13:31  SCV  
  107  13:34  Widow Mine  
  107  13:35  Widow Mine  
  107  13:37  Widow Mine  
  107  13:38  Widow Mine  
  107  13:39  Widow Mine  
  107  13:47  SCV x2  
  105  13:55  Widow Mine  
  105  13:57  Widow Mine  
  105  14:00  SCV x2  
  107  14:21  Refinery  
  107  14:25  Refinery  
  107  14:43  SCV x2  
  107  14:49  Supply Depot x2  
  107  14:51  Supply Depot  
  107  14:52  Supply Depot  
  107  15:04  Missile Turret  
  107  15:11  Widow Mine x4, SCV x3  
  107  15:12  Factory Tech Lab x2  
  107  15:13  Thor  
  124  15:16  Supply Depot  
  124  15:18  Supply Depot  
  124  15:23  Starport, SCV x3  
  124  15:26  Starport, Battlecruiser  
  124  15:28  Starport  
  133  15:32  Widow Mine x3  
  139  15:38  Widow Mine, SCV x3  
  139  15:40  Missile Turret  
  139  15:42  Refinery  
  144  15:43  Refinery  
  144  15:50  SCV x2  
  144  15:54  Widow Mine x3  
  144  15:56  Widow Mine  
  154  16:02  SCV  
  155  16:19  Weapon Refit  
  155  16:20  Starport Tech Lab x2, SCV x2  
  155  16:21  Starport Tech Lab  
  155  16:37  SCV x2  
  155  17:01  Widow Mine x4, Supply Depot  
  163  17:02  Widow Mine x3  
  169  17:13  Battlecruiser x3  
  187  17:20  Battlecruiser  
  191  17:23  Widow Mine x6  
  191  17:24  Widow Mine  
  159  17:44  Widow Mine x6  
  159  17:45  Widow Mine  
  159  17:48  Missile Turret  
  159  17:49  Missile Turret, SCV  
  162  17:56  SCV  
  163  18:01  SCV  
  172  18:05  Widow Mine x4  
  172  18:06  Widow Mine x3  
  172  18:08  SCV  
  187  18:27  Widow Mine x5  
  189  18:37  Battlecruiser  
  157  19:31  Battlecruiser x2  
  157  19:32  Battlecruiser  
  175  19:41  Battlecruiser  
  151  19:53  Command Center  
  149  20:20  Widow Mine  
  149  20:21  Widow Mine x6  
  157  20:30  Factory  
  157  20:35  Battlecruiser  
  157  20:36  Battlecruiser x2  
  157  20:42  Widow Mine x7, Command Center  
  189  20:45  Battlecruiser  
  195  21:05  Widow Mine x2, SCV  
  195  21:06  Refinery  
  200  21:28  Widow Mine  
  200  21:30  Widow Mine  
  200  21:32  Refinery  
  200  21:33  Widow Mine  
  173  22:12  Widow Mine x8  
  170  22:33  Widow Mine  
  170  22:34  Widow Mine x7, Factory  
  170  22:36  Factory  
  180  22:37  Factory  
  180  22:38  Armory  
  126  22:55  Widow Mine x8, Battlecruiser x2  
  126  22:56  Battlecruiser x2  
  166  23:16  Widow Mine x6  
  166  23:17  Widow Mine  
  172  23:38  Widow Mine x3  
  140  23:55  Widow Mine  
  142  23:56  Widow Mine x3  
  142  24:00  Battlecruiser  
  140  24:09  Widow Mine x3  
  141  24:17  Widow Mine x4  
  149  24:30  Widow Mine x2  
  151  25:16  Widow Mine x7  
  163  25:49  Orbital Command  
  145  26:35  Widow Mine  
  145  26:36  Widow Mine  
Show
View Real Time Build Order
Export as new Build Order

MULTISSUE Protoss 

Build Orders: Phoenix Opening, Carriers 

Get SALT Encoding   

  12  0:01  Probe  
  13  0:13  Probe  
  14  0:18  Pylon  
  14  0:25  Probe (Chrono Boost)  
  15  0:37  Probe (Chrono Boost)  
  15  0:40  Gateway  
  16  0:46  Probe (Chrono Boost)  
  16  0:48  Assimilator  
  17  0:51  Probe  
  18  1:03  Probe  
  19  1:12  Gateway  
  19  1:15  Probe  
  20  1:28  Probe, Cybernetics Core  
  21  1:35  Assimilator  
  21  1:36  Pylon  
  20  2:02  Adept (Chrono Boost)  
  20  2:03  Adept (Chrono Boost)  
  24  2:11  Nexus  
  24  2:15  Probe  
  25  2:18  Warp Gate  
  25  2:27  Probe  
  26  2:39  Probe  
  27  2:46  Stargate  
  27  2:55  Pylon  
  27  2:58  Probe  
  28  3:10  Pylon  
  28  3:13  Gateway  
  28  3:20  Shield Battery, Forge  
  28  3:39  Phoenix (Chrono Boost)  
  30  3:45  Probe (Chrono Boost)  
  30  3:48  Pylon  
  32  3:50  Probe (Chrono Boost)  
  32  3:54  Probe (Chrono Boost)  
  32  3:55  Photon Cannon  
  33  3:58  Photon Cannon  
  33  4:06  Probe x2  
  35  4:13  Phoenix  
  37  4:17  Protoss Ground Weapons Level 1 (Chrono Boost)  
  37  4:18  Probe x2  
  37  4:20  Assimilator  
  39  4:30  Probe  
  40  4:49  Phoenix  
  42  4:55  Stalker  
  42  4:56  Stalker x2  
  42  4:57  Probe (Chrono Boost)  
  42  4:58  Probe (Chrono Boost)  
  50  5:02  Assimilator  
  50  5:05  Shield Battery  
  50  5:09  Probe (Chrono Boost)  
  52  5:15  Probe (Chrono Boost)  
  52  5:17  Probe (Chrono Boost)  
  53  5:21  Probe (Chrono Boost)  
  53  5:23  Phoenix  
  56  5:29  Twilight Council  
  56  5:31  Probe  
  57  5:41  Probe  
  58  5:43  Probe  
  58  5:47  Stalker  
  58  5:48  Phoenix, Stalker  
  63  6:13  Phoenix  
  63  6:14  Probe (Chrono Boost)  
  63  6:16  Protoss Ground Weapons Level 2 (Chrono Boost)  
  63  6:17  Probe (Chrono Boost), Photon Cannon  
  67  6:23  Photon Cannon  
  68  6:25  Probe (Chrono Boost)  
  68  6:27  Shield Battery  
  68  6:29  Probe (Chrono Boost)  
  69  6:46  Pylon  
  69  6:51  Gateway x2  
  69  6:55  Pylon  
  69  7:03  Phoenix (Chrono Boost)  
  65  7:20  Nexus  
  65  7:21  Pylon  
  65  7:23  Assimilator  
  65  7:27  Phoenix (Chrono Boost)  
  65  7:28  Assimilator  
  67  7:30  Stargate  
  66  7:40  Stalker x3  
  66  7:43  Phoenix (Chrono Boost)  
  70  7:48  Probe x2  
  70  7:50  Stalker x2  
  76  8:05  Phoenix (Chrono Boost)  
  74  8:13  Stalker x4  
  74  8:15  Phoenix  
  82  8:27  Stalker  
  82  8:33  Probe (Chrono Boost)  
  87  8:37  Probe (Chrono Boost), Phoenix  
  87  8:38  Protoss Ground Weapons Level 3 (Chrono Boost)  
  87  8:39  Probe (Chrono Boost)  
  89  8:44  Probe (Chrono Boost)  
  89  8:47  Probe (Chrono Boost)  
  92  8:51  Templar Archives  
  92  8:52  Probe (Chrono Boost)  
  88  9:03  Robotics Facility  
  76  9:25  Stalker x3  
  76  9:26  Stalker x2  
  84  9:33  Photon Cannon  
  84  9:35  Photon Cannon  
  62  9:48  Probe (Chrono Boost)  
  62  9:51  Probe x2 (Chrono Boost)  
  55  9:59  Stalker  
  56  10:00  Probe (Chrono Boost), Stalker x2  
  56  10:01  Stalker  
  56  10:04  Probe x2 (Chrono Boost)  
  56  10:05  Probe (Chrono Boost)  
  65  10:12  Probe x2  
  65  10:13  Stalker  
  69  10:19  Gateway  
  70  10:21  Gateway, Observer (Chrono Boost)  
  70  10:29  Gateway  
  70  10:30  Gateway  
  70  10:32  Probe x3  
  70  10:35  Observer (Chrono Boost)  
  73  10:36  Phoenix (Chrono Boost)  
  76  10:43  Pylon  
  76  10:44  Probe (Chrono Boost)  
  76  10:49  Probe x2 (Chrono Boost)  
  79  10:50  Phoenix (Chrono Boost)  
  79  10:54  Probe (Chrono Boost), Observer  
  84  10:58  Probe (Chrono Boost)  
  84  11:03  Stalker x2  
  69  11:12  Probe x3  
  72  11:29  Phoenix  
  72  11:30  Phoenix  
  76  11:34  Probe x3  
  76  11:39  Photon Cannon  
  79  11:46  Probe x2 (Chrono Boost)  
  82  11:47  Probe (Chrono Boost)  
  82  11:54  Photon Cannon, Phoenix  
  82  11:58  Probe x2 (Chrono Boost)  
  82  11:59  Protoss Ground Armor Level 1 (Chrono Boost)  
  87  12:04  Probe (Chrono Boost)  
  87  12:18  Probe  
  87  12:19  Probe  
  89  12:30  Stalker x3  
  89  12:32  Nexus  
  89  12:34  Pylon  
  95  12:43  Fleet Beacon  
  95  12:48  Stargate  
  95  12:51  High Templar x4  
  103  12:55  Archon x2  
  103  13:05  Photon Cannon  
  103  13:19  Stalker x3  
  107  13:21  Stalker x2  
  101  13:30  High Templar x3  
  101  13:33  Zealot  
  109  13:35  Probe x3  
  109  13:38  Archon  
  112  13:47  Probe x3  
  105  13:59  Probe  
  101  14:06  Carrier (Chrono Boost), Stalker x4  
  101  14:07  Carrier (Chrono Boost)  
  109  14:21  Protoss Air Weapons Level 1 (Chrono Boost), Protoss Ground Armor Level 2 (Chrono Boost)  
  109  14:26  Probe x4  
  113  14:37  Photon Cannon  
  111  14:39  Probe x2 (Chrono Boost)  
  111  14:40  Probe x2 (Chrono Boost)  
  110  14:51  Probe (Chrono Boost)  
  114  14:54  Assimilator  
  114  14:56  Assimilator, Probe x3 (Chrono Boost), Carrier (Chrono Boost)  
  114  14:58  Pylon  
  120  15:06  Cybernetics Core  
  120  15:20  Photon Cannon  
  120  15:21  Photon Cannon  
  120  15:24  Shield Battery  
  120  15:26  Pylon  
  120  15:28  Pylon x2, Photon Cannon  
  120  15:29  Carrier (Chrono Boost)  
  126  15:42  Pylon  
  124  15:54  Observer (Chrono Boost)  
  125  16:03  Carrier (Chrono Boost)  
  125  16:11  Observer (Chrono Boost)  
  138  16:12  Carrier (Chrono Boost)  
  138  16:16  Pylon  
  138  16:20  Nexus, Protoss Air Armor Level 1 (Chrono Boost)  
  138  16:24  Assimilator  
  138  16:27  High Templar x2, Observer  
  138  16:28  High Templar  
  138  16:30  High Templar  
  138  16:32  Archon  
  147  16:34  Archon  
  147  16:37  Probe x3  
  147  16:38  Probe  
  151  16:40  Sentry  
  153  16:49  Probe x2  
  153  16:50  Probe, Zealot x2  
  153  16:51  Zealot x2  
  163  16:55  Shield Battery  
  163  17:00  Carrier  
  163  17:01  Stalker x3  
  173  17:05  Zealot x2  
  171  17:09  Shield Battery  
  125  17:23  Stalker x4  
  125  17:24  Stalker  
  133  17:35  Carrier  
  139  17:41  Photon Cannon  
  139  17:43  High Templar x3  
  145  17:50  Observer  
  146  17:51  Archon  
  146  17:55  Probe (Chrono Boost)  
  146  17:56  Probe x4 (Chrono Boost)  
  151  17:58  Photon Cannon  
  151  18:00  Photon Cannon  
  151  18:09  Assimilator  
  151  18:11  Probe x2 (Chrono Boost), Observer  
  151  18:12  Probe (Chrono Boost)  
  155  18:14  Carrier  
  155  18:18  Shield Battery, Photon Cannon  
  155  18:22  Pylon  
  161  18:28  Shield Battery  
  161  18:33  Photon Cannon  
  161  18:38  Photon Cannon  
  161  18:40  Shield Battery  
  161  18:50  Protoss Air Armor Level 2 (Chrono Boost), Protoss Air Weapons Level 2 (Chrono Boost)  
  160  19:12  Stalker x3  
  160  19:13  Stalker x6  
  136  19:36  Gateway  
  136  19:37  Carrier x2  
  136  19:38  Gateway  
  148  19:51  Observer  
  145  19:53  Stalker x3  
  145  19:58  Photon Cannon  
  145  19:59  Photon Cannon  
  151  20:00  Stalker x3  
  151  20:01  Photon Cannon  
  157  20:12  Observer  
  157  20:13  High Templar x3  
  164  20:20  Zealot  
  164  20:21  Zealot  
  152  20:23  Nexus  
  152  20:34  Protoss Ground Armor Level 3 (Chrono Boost)  
  152  20:38  Photon Cannon  
  152  20:40  Carrier (Chrono Boost)  
  152  20:41  Shield Battery  
  152  20:42  Shield Battery  
  158  21:01  Probe  
  158  21:02  Probe x3  
  159  21:19  Observer  
  158  21:29  Charge (Chrono Boost)  
  154  21:40  Observer  
  154  21:41  Stalker x2  
  154  21:43  Zealot x5  
  154  21:44  Zealot x3  
  175  21:49  Protoss Air Armor Level 3 (Chrono Boost), Protoss Air Weapons Level 3 (Chrono Boost)  
  175  21:56  Stalker  
  175  22:01  Probe x4  
  179  22:03  Pylon  
  179  22:06  Assimilator  
  180  22:11  Assimilator  
  157  22:32  Stalker x4  
  157  22:33  Stalker  
  157  22:39  Stalker  
  149  22:44  Phoenix  
  151  22:55  Probe x4  
  155  23:02  Blink  
  155  23:03  Pylon  
  155  23:05  Shield Battery  
  155  23:17  Stalker x3  
  163  23:24  Probe x2 (Chrono Boost)  
  161  23:37  Stalker x2  
  161  23:38  Stalker  
  149  23:55  Probe (Chrono Boost)  
  148  23:59  Probe x3 (Chrono Boost)  
  147  24:08  Probe (Chrono Boost)  
  147  24:09  Probe x2 (Chrono Boost)  
  151  24:10  Probe (Chrono Boost)  
  151  24:15  Pylon  
  151  24:18  Pylon  
  151  24:19  Probe x3  
  151  24:21  Assimilator  
  154  24:27  Photon Cannon  
  151  24:42  High Templar x3  
  151  24:43  High Templar  
  151  24:44  Zealot  
  161  24:47  Archon x2  
  108  25:41  Observer  
  65  26:03  Observer  
  58  26:09  Observer  
Tags
 
Add a new tag
Caveats
  • Supply blocks, unpowered buildings, or Contaminate may cause inaccurate times.
  • Supply counts are checked every 10 seconds.